Map: Moondance

Players

Rhizer

  • Race: Protoss Protoss
  • Spawn Location: 6:00

DnS - Winner!

  • Race: Protoss Protoss
  • Spawn Location: 12:00

Event: DreamHack SC2 Masters 2022 Atlanta (Offline)

VOD

Have the link to the VOD?

Description

Time

  • Played on: Nov. 18, 2022, 2:44 p.m.
  • Length: 4:08

All games in this series

Show
View Real Time Build Order
Export as new Build Order

Rhizer Protoss 

Build Orders:  

Get SALT Encoding   

  12  0:00  Probe  
  13  0:12  Probe  
  14  0:17  Pylon  
  14  0:24  Probe (Chrono Boost)  
  15  0:36  Probe (Chrono Boost)  
  15  0:38  Gateway  
  16  0:45  Probe (Chrono Boost)  
  16  0:46  Assimilator  
  17  0:51  Probe  
  17  0:55  Assimilator  
  18  1:03  Probe (Chrono Boost)  
  19  1:08  Gateway  
  19  1:15  Probe (Chrono Boost)  
  20  1:20  Probe (Chrono Boost)  
  21  1:25  Cybernetics Core  
  21  1:29  Probe  
  22  1:35  Pylon  
  22  1:41  Probe  
  23  1:53  Probe  
  24  2:01  Adept x2, Warp Gate (Chrono Boost)  
  24  2:06  Probe  
  29  2:11  Pylon  
  29  2:28  Probe  
  30  2:31  Adept x2  
  34  2:41  Probe  
  35  2:50  Robotics Facility  
  35  3:01  Adept x2  
  38  3:18  Nexus  
  38  3:26  Pylon  
  38  3:32  Probe  
  39  3:49  Sentry x2  
  43  3:59  Shield Battery  
Show
View Real Time Build Order
Export as new Build Order

DnS Protoss - Winner!

Build Orders: Oracle Opening 

Get SALT Encoding   

  12  0:00  Probe  
  13  0:12  Probe  
  14  0:17  Pylon  
  14  0:24  Probe (Chrono Boost)  
  15  0:36  Gateway, Probe (Chrono Boost)  
  16  0:44  Probe (Chrono Boost)  
  16  0:46  Assimilator  
  17  0:51  Probe  
  18  0:57  Assimilator  
  18  1:03  Probe (Chrono Boost)  
  19  1:08  Gateway  
  20  1:12  Probe (Chrono Boost)  
  20  1:17  Probe (Chrono Boost)  
  21  1:26  Cybernetics Core  
  21  1:29  Probe  
  22  1:37  Pylon  
  22  1:41  Probe  
  23  1:55  Probe  
  24  2:01  Stalker  
  24  2:02  Stalker  
  24  2:04  Warp Gate  
  24  2:07  Probe  
  29  2:13  Pylon  
  29  2:24  Stargate  
  29  2:29  Pylon  
  29  2:38  Stalker  
  31  2:45  Stalker  
  33  3:07  Oracle (Chrono Boost)  
  36  3:21  Nexus  
  36  3:24  Probe  
  37  3:32  Pylon  
  37  3:36  Shield Battery  
  37  3:40  Probe  
  38  3:52  Probe  
  40  4:03  Stalker  
  40  4:06  Stalker  
Tags
 
Add a new tag
Caveats
  • Supply blocks, unpowered buildings, or Contaminate may cause inaccurate times.
  • Supply counts are checked every 10 seconds.